 Dungeon Crawl Stone Soup version 0.20.0-8-g6b59dc7 (webtiles) character file.

1073 grindst0ne the Ducker (level 8, -1/48 HPs)
             Began as an Octopode Transmuter on June 2, 2017.
             Was an Initiate of Ru.
             Shot with an arrow by a centaur (13 damage)
             ... on level 6 of the Dungeon.
             The game lasted 00:42:09 (10235 turns).

grindst0ne the Ducker (Octopode Transmuter)        Turns: 10235, Time: 00:42:10

Health: -1/48      AC:  2    Str: 11    XL:     8   Next: 28%
Magic:  2/11       EV: 25    Int: 16    God:    Ru [......]
Gold:   320        SH:  0    Dex: 17    Spells: 5/11 levels left

rFire    + + .     SeeInvis .     - Unarmed
rCold    . . .     Gourm    .   (shield currently unavailable)
rNeg     . . .     Faith    .   (helmet currently unavailable)
rPois    x         Spirit   .   v - amulet of magic regeneration
rElec    .         Reflect  .   l - ring of protection from fire
rCorr    .         Harm     .   t - ring of protection from fire
MR       .....                  k - ring of wizardry
Stlth    +++.......             (no ring)
Regen    0.2/turn               (no ring)
MPRegen  0.2/turn               (no ring)
                                (no ring)
                                (no ring)

@: spider-form
A: almost no armour, stealthy swim, (amphibious), 8 rings, (constrict 8)
a: End Transformation, Renounce Religion


You were on level 6 of the Dungeon.
You worshipped Ru.
Ru was noncommittal.
You were near starving.
You were a venomous arachnid creature.
You visited 2 branches of the dungeon, and saw 7 of its levels.
You also visited: Sewer.

You collected 320 gold pieces.

Inventory:

Hand Weapons
 r - a +0 war axe (melded)
Missiles
 a - 68 arrows
 h - 6 javelins of returning (quivered)
Armour
 i - a +2 buckler (melded)
Jewellery
 k - a ring of wizardry (on tentacle)
 l - a ring of protection from fire (left front leg)
 o - an uncursed amulet of guardian spirit
 t - a ring of protection from fire (right front leg)
 v - an amulet of magic regeneration (around neck)
Wands
 n - a wand of polymorph (5/24)
 u - a wand of confusion (30/48)
Scrolls
 j - 3 scrolls of remove curse
 m - a scroll of enchant armour
 p - a scroll of torment {unknown}
 w - a scroll of amnesia
 x - a scroll of teleportation {unknown}
Potions
 e - a potion of heal wounds
 g - 3 potions of flight
 s - 2 potions of resistance
Books
 b - a book of Changes

   Spells                             Type                      Level
   a - Beastly Appendage              Transmutation                1
   b - Sticks to Snakes               Transmutation                2
   c - Spider Form                    Transmutation/Poison         3
   d - Ice Form                       Ice/Transmutation            4
   e - Blade Hands                    Transmutation                5
Comestibles
 c - 2 bread rations
 d - a meat ration
 f - 11 fruits
 q - a royal jelly


   Skills:
 - Level 1.0 Fighting
 + Level 6.9 Dodging
 - Level 4.0 Stealth
 - Level 3.0 Unarmed Combat
 - Level 2.0 Spellcasting
 + Level 6.3 Transmutations


You had 5 spell levels left.
You knew the following spells:

 Your Spells              Type           Power        Failure   Level  Hunger
a - Beastly Appendage     Tmut           ###...       2%          1    #......
b - Spider Form           Tmut/Pois      ##........   16%         3    ###....
c - Sticks to Snakes      Tmut           ###.....     3%          2    ###....


Dungeon Overview and Level Annotations

Branches:
Dungeon (6/15)             Temple (1/1) D:5

Altars:
Ashenzari
Cheibriados
Dithmenos
Elyvilon
Gozag
Hepliaklqana
Kikubaaqudgha
Makhleb
Nemelex Xobeh
Okawaru
Qazlal
Ru
Sif Muna
Uskayaw
Xom
Yredelemnul
Zin
The Shining One

Annotations:
D:3 exclusion: downstairs


Innate Abilities, Weirdness & Mutations

You cannot wear most types of armour.
You are very stealthy in the water. (Stealth+)
((You are amphibious.))
You can wear up to eight rings at the same time.
((You can use your tentacles to constrict eight enemies at once.))
((Your skin changes colour to match your surroundings (Stealth+).))
((Your rubbery body absorbs attacks. (AC +1, EV +1)))


Message History

The centaur unwields an uncursed shortbow.
The centaur hits your adder but does no damage.
Your adder bites the centaur but does no damage.
The centaur wields an uncursed shortbow.
The centaur shoots an arrow.
The arrow closely misses your adder. The arrow closely misses you.
Your adder barely misses the centaur.
Your adder bites the centaur.
The centaur shoots an arrow.
The arrow misses your adder. The arrow hits you!
Your adder bites the centaur.
You hit the bullfrog skeleton but do no damage.
The centaur shoots an arrow.
The arrow closely misses your ball python.
The arrow hits you!
* * * LOW HITPOINT WARNING * * *
Your adder completely misses the centaur.
The bullfrog skeleton misses you.
Your adder closely misses the centaur.
The centaur shoots an arrow.
The arrow barely misses your ball python.
The arrow hits you!
You die...

####
..#########
#.......... #.
#.......... #.
#..........
#.##..........
#..#..........
#.(...sZ......
#..#S...SS....
#..#...SSc....
#.......#####.
##.#.##.#
#.#.# ..#
#.#.# ....
#.#.# ....#
####.#!# ...#


You could see a centaur, a bullfrog skeleton, 3 friendly adders and 2 friendly
ball pythons.

Vanquished Creatures
  The ghost of ThereIsNoGod the Cudgeler, an amateur GrFi (D:4)
  A phantom (D:4)
  2 centaurs
  A big kobold (Sewer)
  A scorpion (D:4)
  A crimson imp (D:5)
  2 orc priests
  A jelly (D:5)
  A bullfrog skeleton (D:4)
  2 orc wizards
  3 worker ants
  A worker ant zombie (D:5)
  8 adders
  3 river rats (Sewer)
  2 oozes
  2 worms
  4 dart slugs
  4 leopard geckos
  16 orcs
  10 bats
  6 giant cockroaches
  10 goblins
  8 hobgoblins
  11 jackals
  2 quokkas
  2 ball pythons
  5 frilled lizards
  19 kobolds
  A leopard gecko skeleton (D:4)
  A quokka skeleton (D:5)
  6 rats
137 creatures vanquished.

Vanquished Creatures (collateral kills)
  A phantom (D:5)
  An ogre (D:5)
  An orc priest (D:4)
  An adder zombie (D:5)
  4 orcs
  A goblin (D:3)
9 creatures vanquished.

Grand Total: 146 creatures vanquished

Notes
Turn   | Place    | Note
-------+----------+-------------------------------------------
     0 | D:1      | grindst0ne the Octopode Transmuter began the quest for the Orb.
     0 | D:1      | Reached XP level 1. HP: 13/13 MP: 3/3
   164 | D:1      | Reached skill level 1 in Stealth
   244 | D:1      | Reached XP level 2. HP: 18/18 MP: 5/5
   790 | D:1      | Reached XP level 3. HP: 17/23 MP: 6/6
  1145 | D:1      | Learned a level 3 spell: Spider Form
  1148 | D:1      | Learned a level 2 spell: Sticks to Snakes
  1710 | D:2      | Found an iron altar of Okawaru.
  1761 | D:2      | Reached XP level 4. HP: 28/28 MP: 7/7
  1963 | D:2      | Found a glowing silver altar of Zin.
  2462 | D:3      | Found a glowing drain.
  2571 | Sewer    | Entered a sewer
  2583 | Sewer    | Reached XP level 5. HP: 13/33 MP: 1/8
  2762 | Sewer    | Noticed a big kobold
  2788 | Sewer    | Killed a big kobold
  2926 | Sewer    | Found a glowing silver altar of Zin.
  3088 | D:3      | Reached XP level 6. HP: 17/38 MP: 4/9
  4673 | D:3      | Found a deep blue altar of Sif Muna.
  4986 | D:4      | Reached skill level 5 in Dodging
  5465 | D:4      | Noticed ThereIsNoGod's ghost (amateur GrFi)
  6762 | D:4      | Killed ThereIsNoGod's ghost
  6762 | D:4      | Reached XP level 7. HP: 21/43 MP: 1/10
  7717 | D:4      | Reached skill level 5 in Transmutations
  8310 | D:5      | Entered Level 5 of the Dungeon
  8491 | D:5      | Found a staircase to the Ecumenical Temple.
  8499 | Temple   | Entered the Ecumenical Temple
  8624 | Temple   | Became a worshipper of Ru the Awakened
  8843 | D:5      | Reached XP level 8. HP: 20/48 MP: 5/11
 10235 | D:6      | Shot with an arrow by a centaur

Skill      XL: |  1  2  3  4  5  6  7  8 |
---------------+-------------------------+-----
Stealth        | 1 2 3 4 |  4.0
Dodging        | 3 4 5 6 |  6.9
Transmutations | 3 4 5 6 |  6.3
Fighting       | |  1.0
Unarmed Combat | |  3.0
Spellcasting   | |  2.0

Action                   |  1- 3 |  4- 6 |  7- 9 || total
-------------------------+-------+-------+-------++-------
Melee: Unarmed           |   107 |    88 |    27 ||   222
       Constrict         |    34 |    36 |    14 ||    84
       Tentacles         |    21 |    28 |    15 ||    64
       Punch             |     1 |     3 |     2 ||     6
       War axe           |       |   113 |    79 ||   192
       Kick              |       |     1 |       ||     1
 Cast: Spider Form       |     1 |     8 |     7 ||    16
       Beastly Appendage |       |     2 |       ||     2
       Sticks to Snakes  |       |    21 |    35 ||    56
Evoke: Wand              |       |       |     1 ||     1
  Use: Potion            |     1 |     4 |     1 ||     6
       Scroll            |       |     5 |     5 ||    10
 Stab: Sleeping          |     9 |    12 |     1 ||    22
       Distracted        |       |     1 |     1 ||     2
  Eat: Chunk             |     3 |    14 |     6 ||    23
       Bread ration      |       |     1 |       ||     1
       Meat ration       |       |       |     1 ||     1
       Royal jelly       |       |       |     1 ||     1
Armor: Skin              |    10 |    24 |     4 ||    38
Dodge: Dodged            |    81 |   170 |    94 ||   345
Block: Buckler           |       |    15 |    31 ||    46
